 Dungeon Crawl Stone Soup version 0.17.2-1-ge4368a0 (webtiles) character file.

66 Goblin1989 the Sneak (level 4, -6/26 HPs)
             Began as a Kobold Earth Elementalist on Jan 7, 2017.
             Killed from afar by an orc wizard (8 damage)
             ... with a magic dart
             ... on level 3 of the Dungeon.
             The game lasted 00:06:29 (531 turns).

Goblin1989 the Sneak (Kobold Earth Elementalist)     Turns: 531, Time: 00:06:29

Health: -6/26      AC:  2    Str:  6    XL:     4   Next: 37%
Magic:  0/7        EV: 16    Int: 13    God:
Gold:   63         SH:  0    Dex: 17    Spells: 1 memorised, 6 levels left

rFire  . . .     SeeInvis .     e - +0 dagger
rCold  . . .     Clarity  .     a - +0 robe
rNeg   . . .     SustAt   .     (shield restricted)
rPois  .         Gourm    .     (no helmet)
rElec  .         Spirit   .     (no cloak)
rCorr  .         Warding  .     (no gloves)
rMut   .         Stasis   .     (no boots)
MR     .....                    (no amulet)
Stlth  +++.......               (no ring)
                                (no ring)

@: very slightly contaminated, not resistant to hostile enchantments, fairly
stealthy
A: carnivore 3
a: no special abilities


You were on level 3 of the Dungeon.
You were completely stuffed.

You visited 1 branch of the dungeon, and saw 3 of its levels.

You collected 63 gold pieces.

Inventory:

Hand Weapons
 e - a +0 dagger (weapon)
Missiles
 b - 7 stones (quivered)
Armour
 a - a +0 robe (worn)
Scrolls
 g - a scroll of identify {unknown}
 h - a scroll of enchant armour {unknown}
 i - a scroll of immolation {unknown}
Potions
 f - a potion of flight {unknown}
Books
 c - a book of Geomancy

   Spells                             Type                      Level
   a - Sandblast                      Earth                        1
   b - Stoneskin                      Transmutation/Earth          2
   c - Passwall                       Transmutation/Earth          3
   d - Stone Arrow                    Conjuration/Earth            3
   e - Petrify                        Transmutation/Earth          4
   f - Lee's Rapid Deconstruction     Earth                        5
Comestibles
 d - a meat ration {@e2}


   Skills:
 + Level 1.6 Fighting
 * Level 3.1 Short Blades
 + Level 3.0 Dodging
 + Level 3.4 Stealth
 - Level 2.0 Spellcasting
   Level 0.8 Transmutations
 - Level 3.0 Earth Magic


You had 6 spell levels left.
You knew the following spells:

 Your Spells              Type           Power        Failure   Level  Hunger
a - Sandblast             Erth           #.....       10%         1    ##.....


Dungeon Overview and Level Annotations

Branches:
Dungeon (3/15)

Altars:


Innate Abilities, Weirdness & Mutations

You are small and have problems with some larger weapons.
You are carnivorous and can eat meat at any time.


Message History

You now have 0/7 mp.
Casting: Sandblast
Confirm with . or Enter, or press ? or * to list all spells.
You don't have enough magic to cast that spell.
Unknown command.
Wield which item (- for none, * to show all)? (? for menu, Esc to quit)
e - a +0 dagger (weapon)
Something hits you but does no damage.
You miss something. Something hits you.
* * * LOW HITPOINT WARNING * * *
You take 2 damage, and have 5/26 hp.
You barely miss something. Something hits you.
* * * LOW HITPOINT WARNING * * *
You take 2 damage, and have 3/26 hp.
You miss something. Something hits you.
* * * LOW HITPOINT WARNING * * *
You take 1 damage, and have 2/26 hp.
A magic dart appears from out of thin air!
The magic dart hits you!
You die...

..██ ...█ ...█ ...█
.█.█ █..█ K█.█ █..█
██.█.█ █..█ █..█.█ █.)█
█.██.████████████ █..█
█.██.█..@){oZ.... █..█
██.██.█.██████████ █..█
█......†........
█..█████..██.█)████████
█............█.█
█.██████.......█ █.
...██..... ██
████████.█ █.█


You could see an orc and a giant frog skeleton.

Vanquished Creatures
  Jessica (D:3)
  An adder (D:2)
  An ooze (D:1)
  A worm (D:2)
  4 orcs
  2 bats
  A giant cockroach (D:3)
  2 hobgoblins (D:1)
  2 kobolds (D:3)
  2 goblins
  3 rats
20 creatures vanquished.

Notes
Turn   | Place    | Note
--------------------------------------------------------------
     0 | D:1      | Goblin1989 the Kobold Earth Elementalist began the quest for the Orb.
     0 | D:1      | Reached XP level 1. HP: 10/10 MP: 3/3
    42 | D:1      | Reached skill level 1 in Short Blades
    51 | D:1      | Reached XP level 2. HP: 10/16 MP: 5/5
   149 | D:2      | Reached skill level 1 in Fighting
   216 | D:2      | Reached XP level 3. HP: 16/20 MP: 3/6
   252 | D:3      | Noticed Jessica
   257 | D:3      | Killed Jessica
   257 | D:3      | Reached XP level 4. HP: 23/25 MP: 7/7
   531 | D:3      | Killed from afar by an orc wizard

Action                   |  1- 3 |  4- 6 || total
-------------------------+-------+-------++-------
Melee: Dagger            |    29 |    61 ||    90
 Cast: Sandblast         |     6 |     7 ||    13
 Stab: Sleeping          |     3 |     2 ||     5
  Eat: Chunk             |     5 |     3 ||     8

Vault maps used:
D:1:      eino_arrival_tree_alley, minivault_19
D:2:      uniq_robin
D:3:      uniq_jessica
